 Dungeon Crawl Stone Soup version 0.24.0-13-gcf9b319 (webtiles) character file.

Game seed: 5249849296897265247, levelgen mode: deterministic

85961 Balder the Basher (level 15, -7/134 HPs)
             Began as a Minotaur Fighter on May 4, 2020.
             Was the Champion of the Shining One.
             Mangled by a sun demon (11 damage)
             ... summoned by Frances
             ... on level 14 of the Dungeon.
             The game lasted 02:12:59 (24109 turns).

Balder the Basher (Minotaur Fighter)               Turns: 24109, Time: 02:13:07

Health: -7/134     AC: 22    Str: 24      XL:     15   Next: 39%
Magic:  0/18       EV: 16    Int:  7 (8)  God:    the Shining One [******]
Gold:   1228       SH: 23    Dex: 24      Spells: 14/14 levels left

rFire    . . .     SeeInvis .   b - +4 morningstar (protect)
rCold    + . .     Gourm    .   c - +0 shield
rNeg     + + +     Faith    .   z - +3 chain mail of Vaqias {rN+ Int+3}
rPois    +         Spirit   +   D - +0 hat
rElec    +         Reflect  .   k - scarf {Spirit}
rCorr    .         Harm     .   C - +0 pair of gloves
MR       +....                  (no boots)
Stlth    ..........             O - amulet of the acrobat
HPRegen  0.32/turn              R - ring "Umol" {rPois rF+ Dex+6 Stlth+}
MPRegen  0.16/turn              G - ring "Muci" {Ice rElec Str+3 Dex+4}

@: divine shield, protection aura, very slightly contaminated, glowing
A: retaliatory headbutt, horns 2, low mp 1, screaming 1, weak 1
a: Divine Shield, Cleansing Flame, Summon Divine Warrior, Brand Weapon With Holy
Wrath, Renounce Religion


You were on level 14 of the Dungeon.
You worshipped the Shining One.
The Shining One was exalted by your worship.
You were not hungry.

You visited 4 branches of the dungeon, and saw 23 of its levels.

You collected 2683 gold pieces.
You spent 1455 gold pieces at shops.

Inventory:

Hand Weapons
 a - a +0 long sword of freezing
 b - a +4 morningstar of protection (weapon)
 B - a +2 flail of holy wrath
 P - a +0 demon trident of electrocution
 Q - a +1 whip of electrocution
 Y - a +0 falchion of electrocution
Missiles
 E - 4 throwing nets
 M - 17 boomerangs (quivered)
Armour
 c - a +0 shield (worn)
 k - a scarf of spirit shield (worn)
 z - the +3 chain mail of Vaqias (worn) {rN+ Int+3}
   (You found it on level 6 of the Lair of Beasts)

   It affects your intelligence (+3).
   It protects you from negative energy.
 C - a +0 pair of gloves (worn)
 D - a +0 hat (worn)
 K - a +4 plate armour
Jewellery
 l - an uncursed ring of flight
 m - an uncursed ring of magical power
 t - an uncursed amulet of the gourmand
 y - a +3 ring of evasion
 G - the ring "Muci" (right hand) {Ice rElec Str+3 Dex+4}
   (You bought it in a shop on level 7 of the Dungeon)

   [ring of ice]

   It enhances your ice magic.
   It affects your strength (+3).
   It affects your dexterity (+4).
   It makes you vulnerable to fire.
   It protects you from cold.
   It insulates you from electricity.
 O - an amulet of the acrobat (around neck)
 R - the ring "Umol" (left hand) {rPois rF+ Dex+6 Stlth+}
   (You bought it in a shop on level 7 of the Dungeon)

   [ring of stealth]

   It affects your dexterity (+6).
   It protects you from fire.
   It protects you from poison.
   It makes you more stealthy.
 S - an uncursed amulet of faith {unknown}
Wands
 d - a wand of enslavement (19)
 o - a wand of disintegration (4)
 p - a wand of flame (33)
 A - a wand of digging (3)
 J - a wand of paralysis (20)
 N - a wand of iceblast (10)
 T - a wand of polymorph (9)
 V - a wand of scattershot (3)
Scrolls
 g - 8 scrolls of teleportation
 j - 13 scrolls of remove curse
 r - a scroll of fog
 u - 2 scrolls of acquirement {unknown}
 w - a scroll of fear
 x - a scroll of blinking
 I - 2 scrolls of silence
 W - 7 scrolls of identify
Potions
 e - 3 potions of might
 h - 9 potions of curing
 n - 3 potions of mutation
 q - 3 potions of ambrosia
 s - 5 potions of flight
 v - a potion of magic {unknown}
 F - 3 potions of agility
 H - 5 potions of haste
 L - a potion of cancellation
 X - a potion of berserk rage {unknown}
Comestibles
 f - 42 rations
 i - a chunk of flesh


   Skills:
 * Level 12.7 Fighting
 + Level 8.8 Long Blades
 + Level 14.4 Maces & Flails
 + Level 10.1 Throwing
 + Level 9.6 Armour
 * Level 10.8 Dodging
 - Level 0.2 Stealth
 + Level 11.1 Shields
 * Level 9.1 Invocations
 - Level 7.6 Evocations


You had 14 spell levels left.
You didn't know any spells.
Your spell library contained the following spells:

 Spells                   Type           Power        Failure   Level  Hunger
 Apportation              Tloc           #.....       99%         1    ##.....
 Beastly Appendage        Tmut           #.....       99%         1    ##.....
 Summon Butterflies       Summ           #.......     99%         1    ##.....
 Sticks to Snakes         Tmut           #.......     99%         2    ###....
 Lesser Beckoning         Tloc           #.........   100%        3    ####...
 Spider Form              Tmut/Pois      #.........   100%        3    ####...
 Tukima's Dance           Hex            #.......     100%        3    ####...
 Cause Fear               Hex            #.........   100%        4    #####..
 Ice Form                 Ice/Tmut       #.......     100%        4    #####..
 Alistair's Intoxication  Tmut/Pois      #.......     100%        5    ######.
 Blade Hands              Tmut           #.........   100%        5    ######.
 Silence                  Hex/Air        #.........   100%        5    ######.
 Yara's Violent Unravell  Hex/Tmut       #.........   100%        5    ######.
 Deflect Missiles         Chrm/Air       #.........   100%        6    #######
 Invisibility             Hex            #.......     100%        6    #######
 Discord                  Hex            #.........   100%        8    #######


Dungeon Overview and Level Annotations

Branches:
Dungeon (14/15)            Temple (1/1) D:6            Lair (6/6) D:9
 Shoals (0/4) Lair:2        Snake (0/4) Lair:2        Slime (0/5) Lair:5
    Orc (2/2) D:12            Elf (0/3) Orc:2        Vaults (0/5) D:14

Altars:
Ashenzari
Cheibriados
Dithmenos
Elyvilon
Fedhas
Gozag
Hepliaklqana
Kikubaaqudgha
Makhleb
Nemelex Xobeh
Okawaru
Qazlal
Ru
Sif Muna
Trog
Uskayaw
Vehumet
Wu Jian
Xom
Yredelemnul
Zin
The Shining One
Beogh
Lugonu

Shops:
D:7 %=   D:8 *   D:9 *   D:13 (*   Orc:2 *(***

Portals:
Hell: Lair:6

Annotations:
D:5 1 runed translucent door, dredge's ghost, novice MiBe
D:11 3 runed translucent doors, jestyr24's ghost, journeyman MiBe
D:12 3 runed translucent doors, Xocukhlo's ghost, journeyman TeAE
D:14 Frances
Lair:4 exclusion: oklob plant


Innate Abilities, Weirdness & Mutations

You reflexively headbutt those who attack you in melee.
You have a pair of horns on your head.
Your magical capacity is low. (-10% MP)
You occasionally shout uncontrollably at your foes.
You are weak. (Str -2)


Message History

You block the hellwing's attack. The sun demon hits you!
* * * LOW HITPOINT WARNING * * *
You are engulfed in flames!
* * * LOW HITPOINT WARNING * * *
You feel better.
The white ugly thing basks in the mutagenic energy from its kin and changes!
You block Frances's attack. The sun demon hits you.
* * * LOW HITPOINT WARNING * * *
You are engulfed in flames!
The Shining One protects you from harm! You block the hellwing's attack.
The hellwing hits you.
* * * LOW HITPOINT WARNING * * *
As you read the scroll of fear, it crumbles to dust.
You assume a fearsome visage.
The neqoxec is unaffected.
The hellwing is unaffected.
The quasit is unaffected.
The sun demon is unaffected.
Frances looks frightened!
The red ugly thing looks frightened!
The white ugly thing looks frightened!
The white ugly thing basks in the mutagenic energy from its kin and changes!
The sun demon hits you!
You die...

.u..#####.........##.......... #
.....#.###..†.....#........... .
.....#.##................(.... .
.......##....###...........######
.......#.....##...)........#.)...
............###......##....#.....
<..3........###........##..#..⌠..
....$.......3#####.........#.....
...........5uu@3@4..##.....#.....
..#<.......##############..##'''#
####...............##......#.....
#.........#####.....#...#.....
#............# #.#.##...#..∩..
#..............# ## ###..#(....
....#.#............###.#...#.....
...........................######
...#.#..........................


You could see Frances (fleeing), 2 ugly things, a sun demon, a hellwing, a
neqoxec and a quasit.

Vanquished Creatures
  Rupert (D:12)
  The ghost of Sin92 the Cleaver, a journeyman DsFi of Okawaru (Lair:3)
  2 ogre magi (Orc:2)
  Fannar (D:12)
  A vault guard (D:14)
  7 hydras
  The ghost of growler the Stormcaller, a journeyman TeAE of Vehumet (D:9)
  2 centaur warriors (D:13)
  13 two-headed ogres
  5 death yaks (Lair:5)
  An orc high priest (Orc:1)
  A fire crab (Lair:6)
  A deep elf knight (D:14)
  A sixfirhy (Lair:6)
  An unseen horror (D:11)
  2 deep trolls (Orc:2)
  2 necromancers (D:14)
  2 wizards
  2 obsidian statues
  An orc knight (D:11)
  A deep elf mage (D:14)
  8 cyclopes
  2 orc sorcerers
  4 ugly things
  6 elephants (Lair:6)
  2 black mambas (Lair:4)
  A gargoyle (D:10)
  2 centaur skeletons (D:13)
  An orange demon (Lair:6)
  10 spiny frogs
  2 freezing wraiths
  4 rime drakes
  8 komodo dragons
  A kobold demonologist (D:14)
  A hellwing (Lair:6)
  3 red devils (Lair:6)
  2 ice devils (Lair:6)
  3 polar bears (Lair:6)
  11 trolls
  3 slime creatures (D:10)
  4 hippogriffs
  19 blink frogs
  3 wyverns
  A wraith (D:12)
  A shadow (D:14)
  51 yaks
  2 basilisks
  A steam dragon (D:12)
  19 humans (D:14)
  2 vampire mosquitoes (D:14)
  6 wargs
  Menkaure (D:6)
  An acid dragon (D:12)
  A soldier ant (D:9)
  13 water moccasins
  6 porcupines
  4 hell hounds (Lair:6)
  5 ice beasts
  4 sky beasts
  25 orc warriors
  A black bear (D:9)
  A necrophage (D:14)
  7 phantoms
  23 ogres
  2 eyes of draining
  19 wolves
  5 centaurs
  15 crocodiles
  4 big kobolds
  9 bullfrogs
  A wyvern zombie (D:9)
  7 killer bees
  4 wights (D:5)
  3 howler monkeys
  2 electric eels (Lair:2)
  6 crimson imps
  3 centaur zombies
  A bullfrog zombie (D:11)
  A gnoll shaman (Orc:2)
  13 hounds
  2 jellies
  18 orc priests
  24 orc wizards
  2 iguanas
  9 worker ants
  11 hell rats
  2 hound zombies
  A hound skeleton (D:4)
  3 worker ant zombies (D:11)
  8 adders
  11 gnolls
  2 oozes (D:2)
  4 adder skeletons
  3 worms
  3 dart slugs
  2 leopard geckos
  65 orcs
  5 giant cockroaches
  9 goblins
  8 hobgoblins
  11 jackals
  30 kobolds
  5 quokkas
  3 bats
  3 frilled lizards
  A giant cockroach zombie (D:5)
  2 quokka skeletons (D:4)
  9 rats
  2 demonic plants (Temple)
677 creatures vanquished.

Vanquished Creatures (collateral kills)
  3 nagas (Lair:2)
3 creatures vanquished.

Vanquished Creatures (others)
  The ghost of Tyijataf the Destroyer, a journeyman DEWz of Sif Muna (D:13)
  A wizard (D:3)
  5 fungi (Lair:6)
  13 plants (Lair:6)
20 creatures vanquished.

Grand Total: 700 creatures vanquished

Notes
Turn   | Place    | Note
-------+----------+-------------------------------------------
     0 | D:1      | Balder the Minotaur Fighter began the quest for the Orb.
     0 | D:1      | Reached XP level 1. HP: 19/19 MP: 0/0
   284 | D:1      | Reached XP level 2. HP: 27/27 MP: 1/1
  1155 | D:2      | Reached XP level 3. HP: 28/33 MP: 2/2
  1210 | D:2      | Found an opulent altar of Gozag.
  1210 | D:2      | Found a sparkling altar of Nemelex Xobeh.
  1382 | D:2      | Found a hide-covered altar of Uskayaw.
  1396 | D:2      | Reached skill level 1 in Throwing
  1573 | D:2      | Found a sacrificial altar of Ru.
  1582 | D:2      | Found a snail-covered altar of Cheibriados.
  1591 | D:2      | Found a blossoming altar of Fedhas.
  1650 | D:2      | Found a stormy altar of Qazlal.
  1838 | D:2      | Reached XP level 4. HP: 38/40 MP: 3/3
  2126 | D:3      | Reached skill level 1 in Dodging
  2226 | D:3      | Found a basalt altar of Yredelemnul.
  2421 | D:3      | Reached XP level 5. HP: 39/47 MP: 4/4
  2933 | D:3      | Found a bloodstained altar of Trog.
  2936 | D:3      | Noticed a wizard
  2942 | D:3      | Killed a wizard
  3025 | D:4      | Found a blossoming altar of Fedhas.
  3078 | D:4      | Found an iron altar of Okawaru.
  3200 | D:4      | Reached skill level 1 in Maces & Flails
  3310 | D:4      | Found a glowing golden altar of the Shining One.
  3310 | D:4      | Found an ancient bone altar of Kikubaaqudgha.
  3332 | D:4      | Became a worshipper of the Shining One
  3377 | D:4      | Noticed a phantom
  3415 | D:4      | Killed a phantom
  3415 | D:4      | Reached skill level 2 in Maces & Flails
  3415 | D:4      | Reached XP level 6. HP: 48/53 MP: 5/5
  3429 | D:4      | Got a twisted ring mail
  3464 | D:4      | Identified the +4 ring mail of Ceteogi {+Fly rElec Str+3}
                  | (You found it on level 4 of the Dungeon)
  3497 | D:4      | Reached skill level 3 in Maces & Flails
  3800 | D:5      | Entered Level 5 of the Dungeon
  3815 | D:5      | Noticed an ice beast
  3821 | D:5      | Killed an ice beast
  3821 | D:5      | Reached skill level 1 in Evocations
  3877 | D:5      | Found a runed translucent door.
  3877 | D:5      | Noticed dredge's ghost (novice MiBe)
  3891 | D:5      | Reached skill level 4 in Maces & Flails
  3891 | D:5      | Reached XP level 7. HP: 58/60 MP: 6/6
  4078 | D:5      | Reached * piety under the Shining One
  4098 | D:5      | Reached skill level 5 in Fighting
  4225 | D:5      | Reached skill level 5 in Maces & Flails
  4289 | D:5      | Reached skill level 5 in Long Blades
  4752 | D:6      | Found a shadowy altar of Dithmenos.
  4759 | D:6      | Reached XP level 8. HP: 68/68 MP: 8/8
  4817 | D:6      | Reached skill level 6 in Maces & Flails
  4904 | D:6      | Found a staircase to the Ecumenical Temple.
  4938 | Temple   | Entered the Ecumenical Temple
  5106 | D:6      | Reached ** piety under the Shining One
  5129 | D:6      | Noticed Menkaure
  5135 | D:6      | Killed Menkaure
  5135 | D:6      | Reached skill level 7 in Maces & Flails
  5135 | D:6      | Reached skill level 5 in Armour
  5460 | D:7      | Reached skill level 1 in Invocations
  5515 | D:7      | Found Zoyko's Food Shoppe.
  5592 | D:7      | Reached XP level 9. HP: 69/75 MP: 7/10
  6153 | D:7      | Found Ucefih's Jewellery Shoppe.
  6435 | D:7      | Reached skill level 8 in Maces & Flails
  6782 | D:8      | Found Wajelum's General Store.
  6913 | D:8      | Reached skill level 5 in Throwing
  6997 | D:8      | Noticed a two-headed ogre
  7005 | D:8      | Killed a two-headed ogre
  7091 | D:8      | Found an ancient bone altar of Kikubaaqudgha.
  7599 | D:9      | Found a hazy altar of Hepliaklqana.
  7656 | D:9      | Reached XP level 10. HP: 71/84 MP: 11/11
  7694 | D:9      | Found a runed translucent gate.
  7695 | D:9      | Found a runed translucent gate.
  7699 | D:9      | Found an opulent altar of Gozag.
  7700 | D:9      | Found a runed translucent gate.
  7702 | D:9      | Found Ybivee's Assorted Antiques.
  7707 | D:9      | Noticed an obsidian statue
  7708 | D:9      | Noticed a two-headed ogre
  7708 | D:9      | Reached *** piety under the Shining One
  7708 | D:9      | Noticed growler's ghost (journeyman TeAE)
  7919 | D:9      | Found a staircase to the Lair.
  8666 | D:10     | Entered Level 10 of the Dungeon
  8709 | D:10     | Reached skill level 9 in Maces & Flails
  8756 | D:10     | Reached skill level 5 in Shields
  8943 | D:10     | Noticed a gargoyle
  8984 | D:10     | Killed a gargoyle
  8984 | D:10     | Reached skill level 5 in Dodging
  9768 | Lair:1   | Entered Level 1 of the Lair of Beasts
 10729 | Lair:2   | Found a staircase to the Snake Pit.
 10802 | Lair:2   | Reached XP level 11. HP: 79/92 MP: 13/13
 11050 | Lair:2   | Found a staircase to the Shoals.
 11806 | Lair:2   | Reached skill level 5 in Evocations
 11917 | Lair:2   | Reached skill level 10 in Maces & Flails
 12386 | Lair:3   | Found a large runed translucent door.
 12387 | Lair:3   | Found a large runed translucent door.
 12389 | Lair:3   | Noticed Sin92's ghost (journeyman DsFi)
 13499 | D:7      | Bought the ring "Umol" {rPois rF+ Dex+6 Stlth+} for 676
                  | gold pieces
 13695 | D:11     | Reached **** piety under the Shining One
 13741 | D:11     | Noticed a two-headed ogre
 13750 | D:11     | Killed a two-headed ogre
 13750 | D:11     | Reached skill level 5 in Invocations
 13878 | D:11     | Noticed an orc knight
 13893 | D:11     | Killed an orc knight
 14074 | D:11     | Reached XP level 12. HP: 90/103 MP: 13/15
 14326 | D:11     | Found a runed translucent gate.
 14326 | D:11     | Noticed jestyr24's ghost (journeyman MiBe)
 14327 | D:11     | Found a runed translucent gate.
 14327 | D:11     | Found a runed translucent gate.
 15033 | Lair:4   | Noticed a five-headed hydra
 15041 | Lair:4   | Killed a five-headed hydra
 15140 | Lair:4   | Reached skill level 11 in Maces & Flails
 16154 | Lair:5   | Found a staircase to the Slime Pits.
 16590 | Lair:5   | Noticed a death yak
 16591 | Lair:5   | Noticed a death yak
 16592 | Lair:5   | Noticed a death yak
 16593 | Lair:5   | Noticed a death yak
 16593 | Lair:5   | Reached ***** piety under the Shining One
 16595 | Lair:5   | Noticed a death yak
 16611 | Lair:5   | Killed a death yak
 16617 | Lair:5   | Killed a death yak
 16623 | Lair:5   | Killed a death yak
 16638 | Lair:5   | Killed a death yak
 16646 | Lair:5   | Killed a death yak
 16944 | Lair:6   | Entered Level 6 of the Lair of Beasts
 16952 | Lair:6   | Noticed a seven-headed hydra
 16963 | Lair:6   | Killed a seven-headed hydra
 16964 | Lair:6   | Reached skill level 10 in Fighting
 16964 | Lair:6   | Reached skill level 12 in Maces & Flails
 16964 | Lair:6   | Reached XP level 13. HP: 47/113 MP: 7/16
 18020 | Lair:6   | Got a pitted chain mail
 18031 | Lair:6   | Identified the +3 chain mail of Vaqias {rN+ Int+3} (You
                  | found it on level 6 of the Lair of Beasts)
 18144 | Lair:6   | Found a burning altar of Makhleb.
 18155 | Lair:6   | Reached skill level 13 in Maces & Flails
 18165 | Lair:6   | Found a gateway to Hell.
 18718 | Lair:3   | Killed Sin92's ghost
 19167 | D:9      | Killed growler's ghost
 19167 | D:9      | Reached XP level 14. HP: 124/124 MP: 15/18
 19393 | D:7      | Bought the ring "Muci" {Ice rElec Str+3 Dex+4} for 751 gold
                  | pieces
 19638 | D:12     | Noticed Rupert
 19656 | D:12     | Killed Rupert
 20131 | D:12     | Found a runed translucent gate.
 20132 | D:12     | Found a runed translucent gate.
 20138 | D:12     | Found a runed translucent gate.
 20139 | D:12     | Noticed Xocukhlo's ghost (journeyman TeAE)
 20254 | D:12     | Found a staircase to the Orcish Mines.
 20254 | D:12     | Reached ****** piety under the Shining One
 20551 | D:12     | Noticed Fannar
 20575 | D:12     | Killed Fannar
 20948 | Orc:1    | Entered Level 1 of the Orcish Mines
 21023 | Orc:1    | Reached skill level 14 in Maces & Flails
 21122 | Orc:1    | Found a roughly hewn altar of Beogh.
 21377 | Orc:2    | Entered Level 2 of the Orcish Mines
 21377 | Orc:2    | Found Lehameit's General Store.
 21406 | Orc:2    | Bought a scroll of identify for 28 gold pieces
 21426 | Orc:2    | Found a staircase to the Elven Halls.
 21554 | Orc:2    | Found a roughly hewn altar of Beogh.
 21903 | Orc:2    | Reached skill level 10 in Throwing
 21920 | Orc:2    | Reached skill level 10 in Shields
 21920 | Orc:2    | Reached skill level 10 in Dodging
 21963 | Orc:2    | Found Sely's Weapon Boutique.
 21963 | Orc:2    | Found Xemneufe's General Store.
 22018 | Orc:2    | Reached XP level 15. HP: 48/134 MP: 7/20
 22295 | Orc:2    | Found Sedoruru's Assorted Antiques.
 22307 | Orc:2    | Found Ygeakkah's General Store.
 22702 | D:13     | Found Tena's Antique Weapon Boutique.
 22800 | D:13     | Found a runed translucent gate.
 22800 | D:13     | Found a runed translucent gate.
 22810 | D:13     | Found an opulent altar of Gozag.
 22818 | D:13     | Found a runed translucent gate.
 22818 | D:13     | Noticed Tyijataf's ghost (journeyman DEWz)
 22819 | D:13     | Found Voujul's Assorted Antiques.
 23179 | D:13     | Killed Tyijataf's ghost
 23922 | D:14     | Found a gate to the Vaults.
 24075 | D:14     | Noticed Frances
 24078 | D:14     | Gained mutation: You are weak. (Str -2) [a neqoxec]
 24090 | D:14     | Gained mutation: Your magical capacity is low. (-10% MP) [a
                  | neqoxec]
 24092 | D:14     | Gained mutation: You occasionally shout uncontrollably at
                  | your foes. [a neqoxec]
 24107 | D:14     | HP: 5/134 [sun demon[Frances] (13)]
 24108 | D:14     | The Shining One protects you from harm!
 24109 | D:14     | Mangled by a sun demon

Levels and vault maps discovered:
D:1:      minmay_arrival_solitary_statue, layout_basic, st_stairs_1,
          minmay_misc_feat_nine_boxes
D:2:      layout_basic, grunt_temple_overflow_opulence,
          nicolae_qazlal_general_emergency, grunt_temple_overflow_diamond,
          eat_drink_and_be_merry_uskayaw
D:3:      layout_loops_ring, lemuel_doored_altar, first_ration, trog_wizard
D:4:      cheibrodos_helix_gallery, layout_loops_cross,
          overflow_temple_1_default, amethyst_overflow_temple_binary,
          serial_park_tiny_1, fedhas_altar_2
D:5:      layout_basic, ebering_ghost_sewer_d, hangedman_decor_points
D:6:      layout_loops_ring, nicolae_dithmenos_the_darkroom,
          minmay_temple_entry_trees, uniq_menkaure
D:7:      layout_basic, serial_shops, kennysheep_mini, shop_fountains
D:8:      layout_loops_corners, basic_altar, serial_shops, shop
D:9:      layout_long_grid, old_standard_altar, david_lair_generic,
          ebering_ghost_gozag
D:10:     layout_loops_ring
D:11:     layout_long_grid, gammafunk_ghost_nasty_kobolds, grunt_ogre_cave
D:12:     layout_roguey, david_orc_1_choice, gammafunk_ghost_necromancy,
          uniq_fannar, uniq_rupert
D:13:     layout_loops_ring, ebering_ghost_gozag, serial_shops, shop
D:14:     layout_cave_pools, grunt_vaults_entry_tiered, serial_co_window_serial,
          co_window_paths_a, co_window_of_opportunity_a, co_window_corner_a,
          co_window_of_opportunity_a, co_window_corner_a, co_window_2corner,
          co_window_broadway_b, co_window_broadway_c, co_window_broadway_b,
          co_window_corner_cb, co_window_paths_d, glass_columns_c,
          glass_columns_b, glass_columns_a, glass_columns_c, glass_columns_a,
          uniq_frances
Temple:   corrupted_temple
Lair:1:   layout_cave_pods, grunt_megastairs_2
Lair:2:   layout_regular_city, minmay_shoals_entry_centaurs,
          minmay_snake_entry_guardpost_medium, serial_bayou_lagoon_b,
          lemuel_fruit_tree
Lair:3:   layout_roguey, ebering_ghost_disaster_area, grunt_megastairs_3
Lair:4:   layout_cave_pods, serial_bayou_shore_b
Lair:5:   layout_hall_layers, slime_dummy, grunt_megastairs_5
Lair:6:   evil_forest, layout_loops_ring, serial_bayou_shore_a,
          infiniplex_staircase_pool
Orc:1:    layout_caves, serial_shops, kennysheep_orc_chapel
Orc:2:    st_orc_open, layout_diamond_mine, serial_shops, shop,
          lemuel_statue_altar

Skill      XL: |  1  2  3  4  5  6  7  8  9 10 11 12 13 14 15 |
---------------+----------------------------------------------+-----
Fighting       | 4 5 6 7 8 10 11 12 | 12.7
Long Blades    | 3 4 5 6 7 8 |  8.8
Throwing       | 1 2 3 5 7 8 9 10 | 10.1
Armour         | 4 5 6 7 8 9 |  9.6
Dodging        | 1 2 3 4 5 6 8 9 10 | 10.8
Maces & Flails | 2 4 5 7 8 9 10 12 13 14 | 14.4
Shields        | 4 5 6 7 8 10 11 | 11.1
Evocations     | 1 2 3 4 5 6 7 |  7.6
Invocations    | 1 3 4 5 6 7 8 9 |  9.1
Stealth        | |  0.2

Action                   |  1- 3 |  4- 6 |  7- 9 | 10-12 | 13-15 || total
-------------------------+-------+-------+-------+-------+-------++-------
Melee: Long sword        |    98 |    30 |    33 |    83 |       ||   244
       Headbutt          |    13 |    14 |    45 |   150 |   314 ||   536
       Morningstar       |       |    68 |   199 |   478 |   689 ||  1434
       Whip              |       |       |       |    24 |       ||    24
       Falchion          |       |       |       |       |   167 ||   167
Throw: Dart              |       |     7 |    59 |    12 |       ||    78
       Boomerang         |       |       |       |   118 |   149 ||   267
       Throwing net      |       |       |       |     2 |       ||     2
Invok: Divine Shield     |       |       |     1 |     8 |    10 ||    19
       Cleansing Flame   |       |       |       |       |     2 ||     2
Evoke: Wand              |       |       |     9 |     6 |    22 ||    37
  Use: Potion            |       |     1 |     1 |     1 |     9 ||    12
       Scroll            |       |     4 |    17 |    15 |    12 ||    48
  Eat: Chunk             |     3 |     3 |     8 |     6 |     6 ||    26
       Ration            |       |     1 |     2 |     7 |     5 ||    15
Armor: Scale mail        |    33 |    32 |       |       |       ||    65
       Ring mail         |       |     5 |    37 |       |       ||    42
       Plate armour      |       |       |    12 |   303 |    67 ||   382
       Chain mail        |       |       |       |       |   159 ||   159
Dodge: Dodged            |    22 |    41 |    83 |   254 |   409 ||   809
Block: Shield            |    42 |    47 |    91 |   416 |   715 ||  1311
       Rpst.: Long sword |     4 |     3 |       |    13 |       ||    20
       Falchion          |       |       |       |       |    12 ||    12
